 Dungeon Crawl Stone Soup version 0.26.0-18-gc5c842f807 (webtiles) character file.

Game seed: 10568588379653216

3999 hawla the Destroyer (level 10, -2/71 HPs)
             Began as a Yellow Draconian Conjurer on Jan 22, 2021.
             Was a Follower of Ashenzari.
             Slain by Harold
             ... wielding a +0 trident
              (34 damage)
             ... on level 8 of the Dungeon.
             The game lasted 00:34:34 (12190 turns).

hawla the Destroyer (Yellow Draconian Conjurer)    Turns: 12190, Time: 00:34:36

Health: -2/71      AC:  7    Str: 10    XL:     10   Next: 3%
Magic:  10/19      EV: 12    Int: 21    God:    Ashenzari [*.....]
Gold:   117        SH:  0    Dex: 10    Spells: 2/21 levels left

rFire    + . .     SeeInvis .   l - staff of conjuration (curse)
rCold    . . .     Faith    .   (no shield)
rNeg     . . .     Spirit   .   (armour unavailable)
rPois    .         Reflect  .   (helmet restricted)
rElec    .         Harm     .   (no cloak)
rCorr    +         Rampage  .   (no gloves)
Will     +....                  (no boots)
Stlth    ++........             (no amulet)
HPRegen  0.21/turn              i - ring of protection from fire
MPRegen  0.16/turn              r - ring of willpower

@: very slightly contaminated
A: spit acid, unfitting armour, cold-blooded, acid resistance, AC +7
a: Breathe Acid, Renounce Religion, Curse Item, Scrying


You were on level 8 of the Dungeon.
You worshipped Ashenzari.
Ashenzari was aware of your devotion.
You visited 2 branches of the dungeon, and saw 9 of its levels.
You also visited: Sewer.

You collected 646 gold pieces.
You spent 529 gold pieces at shops.

Inventory:

Missiles
 k - 3 poisoned darts
 s - 11 boomerangs (quivered)
Magical Staves
 l - a cursed staff of conjuration (weapon)
Jewellery
 i - a ring of protection from fire (left hand)
 r - a ring of willpower (right hand)
 v - an uncursed ring of wizardry
Wands
 h - a wand of digging (12)
 m - a wand of disintegration (7)
 q - a wand of acid (6)
 w - a wand of polymorph (7)
Scrolls
 c - 2 scrolls of blinking {unknown}
 d - a scroll of fear
 n - 2 scrolls of teleportation
 p - a scroll of enchant armour {unknown}
 t - 2 scrolls of identify
 u - a scroll of enchant weapon {unknown}
 x - a scroll of fog {unknown}
Potions
 a - 3 potions of mutation {unknown}
 b - 4 potions of magic {unknown}
 e - 2 potions of heal wounds
 f - a potion of lignification
 g - 2 potions of flight
 j - a potion of curing
 o - a potion of haste {unknown}
 z - a potion of attraction {unknown}


   Skills:
 - Level 1.0 Fighting
 + Level 4.2 Staves
 - Level 1.0 Throwing
 - Level 2.0 Dodging
 - Level 2.0 Stealth
 + Level 6.3 Spellcasting
 * Level 8.7 Conjurations
 - Level 6.6 Translocations
 * Level 3.7 Fire Magic
 + Level 4.2 Evocations


You had 2 spell levels left.
You knew the following spells:

 Your Spells              Type           Power        Failure   Level
a - Magic Dart            Conj           100%         1%          1
b - Searing Ray           Conj           100%         1%          2
c - Iskenderun's Mystic   Conj/Tloc      56%          4%          4
d - Sticky Flame          Conj/Fire      49%          7%          4
e - Conjure Flame         Conj/Fire      49%          2%          3
f - Fireball              Conj/Fire      24%          21%         5

Your spell library contained the following spells:

 Spells                   Type           Power        Failure   Level
 Foxfire                  Conj/Fire      100%         1%          1
 Dazzling Flash           Conj/Hex       74%          4%          3
 Inner Flame              Hex/Fire       14%          13%         3
 Fulminant Prism          Conj/Hex       18%          16%         4


Dungeon Overview and Level Annotations

Branches:
Dungeon (8/15)             Temple (1/1) D:4           Sewer (visited)
   Lair: D:8-11

Altars:
Ashenzari
Cheibriados
Dithmenos
Fedhas
Gozag
Hepliaklqana
Kikubaaqudgha
Makhleb
Nemelex Xobeh
Okawaru
Qazlal
Sif Muna
Trog
Uskayaw
Vehumet
Wu Jian
Xom
Yredelemnul
Zin
Beogh

Shops:
D:6 !((:

Annotations:
D:8 Harold, Joseph


Innate Abilities, Weirdness & Mutations

You can spit globs of acid.
Your golden yellow scales are hard. (AC +7)
You cannot fit into any form of body armour.
You are cold-blooded and may be slowed by cold attacks.
You are resistant to acid. (rCorr)


Message History

Joseph shoots a sling bullet.
The sling bullet hits you!
The searing ray hits Harold.
Harold is heavily wounded.
Joseph shoots a sling bullet.
The sling bullet hits you!
Harold hits you from afar with a +0 trident.
The searing ray hits Harold!
Harold is severely wounded.
Joseph says, "You will never get the ORB, sorry."
Harold drinks a potion.
Harold seems to grow stronger.
Casting: Searing Ray (safe; 1% risk of failure)
Confirm with . or Enter, or press ? or * to list all spells.
The spell is quite dangerous to cast (21% risk of failure)!
Continue anyway?
Aiming: Fireball (quite dangerous; 21% risk of failure)
Press: ? - help, Shift-Dir - straight line You feel a surge of power!
You miscast Fireball.
You are very lightly contaminated with residual magic.
Sparks fly from your hands.
Joseph shoots a sling bullet.
The sling bullet closely misses you.
Harold hits you from afar with a +0 trident!!
You die...

...... # ....
. ..
.....###..
...#..#.....
..........#.
###.##.......
#.[).......#
#[.........#
#@.)<@.....#
#..@.......##.
#[...(........
#.............
#............#
###########...
.. .


You could see Harold (strong) and Joseph.

Vanquished Creatures
  Grinder (D:3)
  A wraith (D:7)
  5 orc warriors
  2 sky beasts
  3 ice beasts (D:7)
  A necrophage (D:7)
  A black bear (D:6)
  An eye of draining (D:8)
  2 ogres (D:4)
  2 phantoms
  3 centaurs
  A big kobold (D:7)
  A wyvern skeleton (D:6)
  4 scorpions
  2 wights (D:7)
  5 human zombies (D:7)
  7 orc priests
  A bullfrog skeleton (D:6)
  A centaur skeleton (D:8)
  2 hounds
  2 jellies
  9 orc wizards
  2 human skeletons (D:7)
  3 iguanas
  6 worker ants
  A mummy (D:7)
  3 gnolls (D:7)
  14 adders
  10 river rats (D:6)
  A shadow imp (D:7)
  2 white imps
  An ufetubus (D:5)
  2 adder skeletons
  5 worms
  3 dart slugs
  2 leopard geckos (D:6)
  14 orcs
  6 giant cockroaches
  5 goblins
  3 hobgoblins
  21 jackals
  11 quokkas (D:6)
  6 ball pythons
  3 bats
  10 frilled lizards
  2 giant cockroach zombies
  18 kobolds
  A quokka skeleton (D:5)
  2 quokka zombies
  28 rats
242 creatures vanquished.

Vanquished Creatures (others)
  21 plants (Sewer)
21 creatures vanquished.

Grand Total: 263 creatures vanquished

Notes
Turn   | Place    | Note
-------+----------+-------------------------------------------
     0 | D:1      | hawla the Draconian Conjurer began the quest for the Orb.
     0 | D:1      | Reached XP level 1. HP: 14/14 MP: 3/3
   326 | D:1      | Reached skill level 1 in Fighting
   397 | D:1      | Reached XP level 2. HP: 23/23 MP: 0/5
   608 | D:1      | Learned a level 2 spell: Searing Ray
   941 | D:1      | Reached XP level 3. HP: 28/28 MP: 5/7
  1588 | D:2      | Found a shimmering altar of Xom.
  1945 | D:2      | Reached XP level 4. HP: 35/35 MP: 5/9
  2285 | D:2      | Found a hazy altar of Hepliaklqana.
  2385 | D:2      | Learned a level 4 spell: Iskenderun's Mystic Blast
  2634 | D:3      | Found a sparkling altar of Nemelex Xobeh.
  2890 | D:3      | Noticed Grinder
  2897 | D:3      | Killed Grinder
  2898 | D:3      | Reached skill level 1 in Throwing
  2898 | D:3      | Reached skill level 1 in Evocations
  2898 | D:3      | Reached XP level 5. HP: 24/40 MP: 0/11
  2898 | D:3      | Reached XP level 6. HP: 28/47 MP: 0/12
  3096 | D:4      | Reached skill level 5 in Conjurations
  3203 | D:4      | Found a staircase to the Ecumenical Temple.
  3242 | Temple   | Entered the Ecumenical Temple
  3727 | Temple   | Became a worshipper of Ashenzari the Shackled
  3798 | D:4      | Found a shimmering altar of Xom.
  4081 | D:4      | Found a burning altar of Makhleb.
  4118 | D:4      | Your scales start taking on a golden yellow colour.
  4118 | D:4      | Reached XP level 7. HP: 52/52 MP: 8/13
  4118 | D:4      | Gained mutation: You are resistant to acid. (rCorr) [Yellow
                  | Draconian growth]
  4244 | D:4      | Found a roughly hewn altar of Beogh.
  4779 | D:5      | Entered Level 5 of the Dungeon
  4814 | D:5      | Found a glowing drain.
  4821 | D:5      | Reached skill level 6 in Conjurations
  4822 | Sewer    | Entered a sewer
  6053 | D:5      | Found a stormy altar of Qazlal.
  6090 | D:5      | Found a radiant altar of Vehumet.
  6199 | D:5      | Reached skill level 1 in Staves
  6596 | D:5      | Reached skill level 5 in Translocations
  6596 | D:5      | Reached XP level 8. HP: 51/59 MP: 11/15
  6664 | D:5      | Reached skill level 5 in Spellcasting
  7168 | D:6      | Found Myof's Distillery.
  7172 | D:6      | Bought a potion of lignification for 39 gold pieces
  7173 | D:6      | Found Xion's Antique Weapon Shoppe.
  7402 | D:6      | Found an ornate altar of the Wu Jian Council.
  7518 | D:6      | Reached skill level 7 in Conjurations
  7596 | D:6      | Found a hide-covered altar of Uskayaw.
  7690 | D:6      | Reached XP level 9. HP: 24/64 MP: 1/17
  7945 | D:6      | Found Icat's Book Shop.
  8095 | D:6      | Found a sparkling altar of Nemelex Xobeh.
  8157 | D:6      | Found Osigusy's Weapon Emporium.
  9161 | D:6      | Bought a book of Flames for 490 gold pieces
  9229 | D:7      | Learned a level 4 spell: Sticky Flame
  9267 | D:7      | Learned a level 3 spell: Conjure Flame
  9432 | D:7      | Reached * piety under Ashenzari
  9512 | D:7      | Reached skill level 1 in Fire Magic
  9519 | D:7      | Reached skill level 8 in Conjurations
  9756 | D:7      | Found a shadowy altar of Dithmenos.
 10303 | D:7      | Found an ancient bone altar of Kikubaaqudgha.
 11182 | D:7      | Learned a level 5 spell: Fireball
 11605 | D:8      | Reached XP level 10. HP: 15/71 MP: 1/19
 11605 | D:8      | HP: 2/71 [orc priest/divine providence (14)]
 12079 | D:8      | Noticed Harold
 12096 | D:8      | Noticed Joseph
 12190 | D:8      | Slain by Harold

Illustrated notes

Levels and vault maps discovered:
D:1:      grunt_arrival_crossed_arrows, layout_loops_cross
D:2:      layout_basic, nzn_hepliaklqana_mist_gate, lemuel_tele_altar
D:3:      layout_rooms, nemelex_xobeh_ov_fountains_minmay, uniq_grinder
D:4:      layout_loops_cross, lightli_temple_of_fire, overflow_temple_1_default,
          minmay_temple_entry_overgrown, kennysheep_orc_chapel
D:5:      layout_cave_pools, marbit_many_paths, overflow_temple_1_default,
          cheibrodos_sewer_entry_bend
D:6:      lemuel_ratsnest, layout_basic, kennysheep_little_box,
          nzn_wu_jian_council_hall, basic_altar, serial_shops, shop,
          nicolae_shop_behind_doors, shop, kennysheep_mini
D:7:      layout_loops_cross, lemuel_mausoleum_altar_kikubaaqudgha,
          nicolae_overflow_hidden_temple, serial_co_window_serial,
          co_window_paths_b, co_window_corner_a, co_window_paths_a,
          co_window_cross_1, co_window_corner_a, co_window_unsneaky_path_e,
          co_window_of_opportunity_b, co_window_corner_b, co_window_paths_c,
          co_window_corner_b, co_window_4corner_b, glass_columns_c,
          glass_columns_c, minivault_26
D:8:      layout_rooms, lemuel_round_altar, uniq_joseph, uniq_harold
Temple:   jpeg_temple_island

Skill      XL: |  1  2  3  4  5  6  7  8  9 |
---------------+----------------------------+-----
Dodging        | 2 |  2.0
Stealth        | 2 |  2.0
Fighting       | 1 |  1.0
Spellcasting   | 3 4 5 6 |  6.3
Throwing       | 1 |  1.0
Translocations | 2 3 5 6 |  6.6
Evocations     | 1 2 4 |  4.2
Conjurations   | 5 6 7 8 |  8.7
Staves         | 1 2 4 |  4.2
Fire Magic     | 3 |  3.7

Action                   |  1- 3 |  4- 6 |  7- 9 | 10-12 || total
-------------------------+-------+-------+-------+-------++-------
Melee: Whip              |    25 |     4 |       |       ||    29
       Tailslap          |     4 |     1 |     9 |       ||    14
       Staff             |       |       |    69 |       ||    69
Throw: Boomerang         |       |       |     2 |       ||     2
 Cast: Magic Dart        |    57 |    22 |    85 |     1 ||   165
       Searing Ray       |    13 |    21 |    86 |     4 ||   124
       Iskenderun's Myst |       |       |    39 |     1 ||    40
       Sticky Flame      |       |       |    18 |       ||    18
       Conjure Flame     |       |       |     2 |       ||     2
       Fireball          |       |       |     1 |     1 ||     2
Invok: Curse Item        |       |       |     1 |       ||     1
  Use: Scroll            |     4 |     5 |     6 |       ||    15
       Potion            |       |       |     4 |       ||     4
 Stab: Sleeping          |       |       |     1 |       ||     1
Armor: Skin              |     7 |     3 |    64 |       ||    74
Dodge: Dodged            |    18 |     4 |    69 |     2 ||    93
